Map: Newkirk Precinct TE (Void)

Players

Railgan - Winner!

  • Race: Zerg Zerg
  • League: Grandmaster
  • Spawn Location: 7:00

Hyren

  • Race: Zerg Zerg
  • League: Master
  • Spawn Location: 5:00

VOD

Have the link to the VOD?

Description

Time

  • Played on: March 18, 2017, 8:50 p.m.
  • Length: 8:39
Show
View Real Time Build Order
Export as new Build Order

Railgan Zerg - Winner!

Build Orders: Hatch First 

Get SALT Encoding   

  12  0:01  Drone  
  13  0:13  Overlord  
  13  0:18  Drone  
  14  0:31  Drone x2  
  14  0:35  Drone  
  17  0:45  Drone  
  18  0:57  Hatchery  
  18  0:59  Drone  
  18  1:02  Extractor  
  17  1:13  Spawning Pool  
  17  1:17  Drone  
  17  1:20  Drone  
  18  1:33  Drone  
  18  1:39  Overlord  
  19  2:00  Baneling Nest, Queen  
  20  2:01  Zergling x4  
  20  2:03  Spine Crawler  
  21  2:10  Queen  
  21  2:15  Drone  
  24  2:23  Drone  
  24  2:28  Drone x2  
  27  2:32  Metabolic Boost  
  27  2:37  Zergling x2  
  28  2:49  Zergling x2  
  28  2:50  Zergling x2  
  30  2:59  Overlord  
  30  3:01  Drone  
  30  3:02  Baneling x2  
  30  3:03  Zergling x4  
  30  3:05  Zergling x2  
  33  3:08  Baneling  
  33  3:12  Baneling  
  32  3:13  Zergling x4  
  34  3:32  Drone  
  35  3:34  Baneling  
  35  3:36  Baneling  
  33  3:44  Drone x2  
  33  3:45  Drone, Queen  
  40  3:51  Drone  
  40  3:54  Overlord  
  41  3:55  Drone  
  41  4:01  Drone  
  43  4:08  Drone x2  
  43  4:09  Overlord  
  43  4:14  Roach Warren  
  43  4:15  Evolution Chamber  
  43  4:16  Drone x2  
  43  4:25  Drone x2  
  45  4:35  Drone x2  
  44  4:39  Drone x2  
  44  4:40  Lair  
  44  4:43  Extractor, Zerg Missile Weapons Level 1  
  44  4:44  Extractor  
  44  4:46  Zergling x4  
  44  4:51  Overlord  
  44  4:52  Drone  
  47  4:58  Roach  
  47  4:59  Drone x2  
  50  5:01  Drone  
  51  5:11  Drone x3  
  51  5:12  Drone  
  55  5:15  Overlord  
  54  5:30  Roach x2  
  54  5:31  Roach x3  
  61  5:38  Glial Reconstitution  
  61  5:39  Roach  
  63  5:46  Hatchery  
  63  5:47  Roach x2  
  66  5:51  Roach x2  
  66  5:53  Roach  
  73  6:04  Hatchery  
  73  6:06  Roach x2  
  76  6:14  Roach  
  76  6:18  Roach x2  
  76  6:19  Overlord x2  
  76  6:25  Overlord  
  76  6:27  Overlord  
  76  6:38  Roach x4  
  84  6:48  Roach  
  84  6:49  Roach  
  84  6:53  Hatchery  
  87  6:54  Roach  
  87  6:55  Roach x2  
  87  6:58  Zergling x2  
  87  6:59  Zergling x4  
  96  7:06  Roach  
  96  7:08  Drone  
  96  7:10  Extractor  
  94  7:15  Roach  
  94  7:17  Roach  
  94  7:19  Drone x3  
  94  7:20  Drone  
  94  7:21  Roach x2  
  102  7:29  Roach  
  106  7:30  Roach  
  106  7:38  Roach  
  106  7:41  Roach  
  107  7:49  Roach x2  
  107  7:50  Roach, Zergling x2  
  107  7:51  Overlord  
  108  7:53  Roach  
  108  7:55  Roach  
  108  7:56  Roach  
  104  8:02  Roach  
  98  8:07  Roach x2  
  92  8:13  Roach  
  92  8:16  Roach x2  
Show
View Real Time Build Order
Export as new Build Order

Hyren Zerg 

Build Orders: Pool First, Zergling Baneling 

Get SALT Encoding   

  12  0:01  Drone  
  13  0:14  Overlord  
  13  0:18  Drone  
  14  0:33  Drone x2  
  16  0:36  Drone  
  16  0:41  Extractor  
  16  0:48  Spawning Pool  
  15  0:51  Drone  
  16  0:58  Drone  
  17  1:09  Drone  
  18  1:26  Hatchery  
  18  1:29  Drone  
  18  1:37  Queen  
  20  1:44  Metabolic Boost  
  20  1:48  Zergling x2  
  20  1:54  Drone  
  22  2:01  Baneling Nest  
  22  2:05  Overlord  
  21  2:09  Zergling x2  
  22  2:23  Queen  
  22  2:25  Zergling x2  
  22  2:27  Zergling x2  
  26  2:36  Zergling x2  
  27  2:38  Zergling x2  
  28  2:45  Drone  
  28  2:46  Drone x2  
  28  2:51  Drone x2  
  33  3:01  Overlord  
  33  3:04  Drone  
  34  3:09  Zergling x2  
  34  3:12  Baneling x3  
  35  3:15  Drone  
  36  3:22  Drone x2  
  38  3:31  Drone  
  39  3:36  Drone x4  
  39  3:40  Baneling x2  
  42  3:43  Drone  
  42  3:44  Drone  
  42  3:45  Overlord  
  42  3:46  Overlord  
  43  3:51  Extractor  
  43  3:52  Extractor  
  43  3:54  Lair  
  41  4:02  Roach Warren  
  40  4:03  Drone  
  40  4:04  Drone  
  40  4:08  Zergling x2  
  40  4:09  Zergling x2  
  44  4:11  Drone  
  44  4:13  Baneling x2  
  45  4:21  Baneling, Queen  
  47  4:27  Overlord  
  47  4:29  Baneling  
  45  4:38  Zergling x8  
  45  4:41  Baneling  
  48  4:50  Roach x3  
  54  4:57  Roach x3, Queen  
  62  5:01  Baneling  
  62  5:02  Baneling x2  
  62  5:09  Roach  
  62  5:10  Roach  
  62  5:12  Overlord  
  66  5:20  Glial Reconstitution  
  65  5:31  Roach  
  65  5:32  Roach x2  
  71  5:38  Baneling x2, Zergling x2  
  72  5:43  Zergling x8  
  72  5:47  Overlord x2  
  76  5:51  Baneling x3  
  76  6:04  Roach  
  75  6:06  Overlord x3  
  72  6:17  Roach x4  
  78  6:18  Zergling x2  
  77  6:27  Roach x2  
  77  6:28  Roach  
  82  6:33  Roach  
  82  6:34  Roach  
  82  6:37  Drone x2  
  88  6:43  Roach  
  90  6:47  Queen  
  90  6:54  Roach x2  
  95  7:01  Roach  
  95  7:02  Roach  
  98  7:09  Roach x3  
  98  7:12  Baneling  
  98  7:13  Baneling  
  103  7:17  Overlord x2  
  103  7:20  Roach  
  105  7:28  Roach  
  105  7:29  Roach x2  
  111  7:43  Roach x5  
  107  7:54  Roach  
  107  7:55  Roach x2  
  103  8:02  Roach x2  
  101  8:11  Roach x5  
Tags
 
Add a new tag
Caveats
  • Supply blocks, unpowered buildings, or Contaminate may cause inaccurate times.
  • Supply counts are checked every 10 seconds.